[Event "Titled Tuesday Blitz July 11 Late 2023"]
[White "Martinez Ramirez, Lennis"]
[Black "Shimanov, Aleksandr"]
[WhiteFideId "3509079"]
[BlackFideId "4198603"]
[WhiteElo "2633"]
[BlackElo "2930"]
[Result "0-1"]
[Round "3"]
[TimeControl "180+2"]
[Date "2023.07.11"]
[WhiteClock "0:00:00"]
[BlackClock "0:00:14"]
[Board "25"]

1. Nf3 Nf6 2. c4 g6 3. Nc3 Bg7 4. e4 O-O 5. d4 d6 6. Be3 Nbd7 7. Bd3 e5 8. d5 Ng4 9. Bg5 f6 10. Bd2 f5 11. Bc2 Nc5 12. h3 Nf6 13. Bg5 a5 14. exf5 gxf5 15. Qe2 Qe8 16. Nh4 e4 17. O-O-O a4 18. a3 Bd7 19. Kb1 Qe5 20. f4 Qe8 21. g3 Rb8 22. Nb5 Bxb5 23. cxb5 Nfd7 24. Ng2 Nb6 25. Ne3 Ra8 26. g4 Ra5 27. Nxf5 Rxf5 28. gxf5 Nbd7 29. Rhg1 Kh8 30. f6 Nxf6 31. Rd4 Rxb5 32. Rb4 Rxb4 33. axb4 Ncd7 34. f5 Qe5 35. Bc1 Nb6 36. Qg2 Qe7 37. Bd2 Nbxd5 38. Bxa4 e3 39. Bc1 c6 40. Re1 Qe5 41. Bc2 Bh6 42. Qf3 Kg7 43. Rg1+ Kf8 44. Qg2 Nxb4 45. Qe2 Nbd5 46. Rf1 b5 47. Re1 Qd4 48. Qf3 c5 49. Rd1 Qe5 50. Rd3 c4 51. Rd1 b4 52. Re1 b3 53. Bd1 Ne4 54. Rg1 Ndc3+ 0-1


[Site "https://www.chess.com"]

[Event "Titled Tuesday Blitz July 11 Late 2023"]
[White "Grebeniuk, Semen"]
[Black "Keymer, Vincent"]
[WhiteFideId "14117509"]
[BlackFideId "12940690"]
[WhiteElo "2632"]
[BlackElo "2923"]
[Result "0-1"]
[Round "3"]
[TimeControl "180+2"]
[Date "2023.07.11"]
[WhiteClock "0:00:03"]
[BlackClock "0:00:06"]
[Board "26"]

1. d4 Nf6 2. Nf3 e6 3. Bg5 h6 4. Bxf6 Qxf6 5. Nbd2 d6 6. e4 a6 7. a4 Nc6 8. c3 g6 9. Bd3 Bg7 10. O-O O-O 11. Re1 e5 12. d5 Ne7 13. c4 a5 14. c5 dxc5 15. Nc4 Bg4 16. Be2 Bxf3 17. Bxf3 Nc8 18. Rc1 Nd6 19. Qb3 b6 20. Nxd6 Qxd6 21. Be2 f5 22. exf5 gxf5 23. Bb5 Rf6 24. f3 Raf8 25. Qc2 h5 26. Kh1 h4 27. Re2 Rg6 28. Bd3 Rg5 29. Qc4 e4 30. fxe4 f4 31. e5 Bxe5 32. Qe4 Rf7 33. Rf1 h3 34. gxh3 Qh6 35. Rg2 Rfg7 36. Rfg1 Kf8 37. Rxg5 Rxg5 38. Rxg5 Qxg5 39. b3 Ke7 40. Qf5 Qxf5 41. Bxf5 f3 42. Kg1 Bd4+ 43. Kf1 Kf6 44. Be4 f2 45. h4 Kg7 46. h5 Kh6 47. Bg6 Kg5 48. Ke2 Kf6 49. Kf1 Ke5 50. Bf7 Ke4 51. h6 Kd3 52. h7 Kc3 53. h4 Kb4 54. h5 c4 55. bxc4 Kxa4 56. h8=Q Bxh8 57. Kxf2 Ka3 58. Ke2 a4 59. Kd3 Kb2 60. c5 bxc5 61. d6 cxd6 62. Kc4 a3 63. Kb5 a2 64. Bxa2 Kxa2 65. Kc4 Kb2 66. Kd5 Kb3 67. Kxd6 c4 0-1


[Site "https://www.chess.com"]

[Event "Titled Tuesday Blitz July 11 Late 2023"]
[White "Rostomyan, Mikayel"]
[Black "Ibarra Jerez, Jose Carlos"]
[WhiteFideId "13313754"]
[BlackFideId "2226332"]
[WhiteElo "2629"]
[BlackElo "2920"]
[Result "0-1"]
[Round "3"]
[TimeControl "180+2"]
[Date "2023.07.11"]
[WhiteClock "0:00:50"]
[BlackClock "0:01:41"]
[Board "27"]

1. d4 Nf6 2. Nf3 g6 3. c4 d6 4. g3 Bf5 5. Nc3 Ne4 6. Nxe4 Bxe4 7. Bg2 Bg7 8. O-O O-O 9. Qb3 b6 10. Be3 Nc6 11. Rfd1 Na5 12. Qc3 c5 13. Rac1 Rc8 14. Nd2 Bxg2 15. Kxg2 cxd4 16. Bxd4 e5 17. Be3 d5 18. Qa3 d4 19. Ne4 Nxc4 20. Rxc4 Rxc4 21. Bg5 f6 22. Qb3 Qd5 23. Qf3 Qc6 24. Bd2 f5 25. Ng5 e4 26. Qb3 e3+ 0-1


[Site "https://www.chess.com"]

[Event "Titled Tuesday Blitz July 11 Late 2023"]
[White "Gordievsky, Dmitry"]
[Black "Ovchinnikov, Vsevolod"]
[WhiteFideId "24112798"]
[BlackFideId "24176842"]
[WhiteElo "2919"]
[BlackElo "2626"]
[Result "0-1"]
[Round "3"]
[TimeControl "180+2"]
[Date "2023.07.11"]
[WhiteClock "0:00:00"]
[BlackClock "0:00:04"]
[Board "28"]

1. Nf3 Nf6 2. c4 g6 3. d4 Bg7 4. g3 d5 5. Bg2 dxc4 6. Na3 Nc6 7. Nxc4 O-O 8. O-O Be6 9. b3 Bd5 10. Bb2 a5 11. a4 Qc8 12. Rc1 Rd8 13. e3 h6 14. Qe2 Qe6 15. Rfe1 Ne4 16. h4 Rac8 17. Nfd2 Nxd2 18. Nxd2 Bxg2 19. Kxg2 Qd5+ 20. Kg1 b6 21. Red1 Nb4 22. e4 Qd7 23. Nc4 h5 24. Kh2 Qe8 25. Bc3 e6 26. Bb2 Nc6 27. Qe3 Nb4 28. Rd2 Rd7 29. Rcd1 Rcd8 30. Qe2 Qe7 31. Qf3 Nc6 32. d5 exd5 33. exd5 Bxb2 34. dxc6 Rxd2 35. Rxd2 Rxd2 36. Nxd2 Bd4 37. Nc4 Bc5 38. Kg2 Qe6 39. Nd2 Qd6 40. Ne4 Qe6 41. Ng5 Qe7 42. Qd5 Qf6 43. Ne4 Qe7 44. f3 Bb4 45. Qd7 Kg7 46. Qd5 Kg8 47. Kh3 Kg7 48. g4 hxg4+ 49. fxg4 Kg8 50. g5 Kg7 51. Kg4 Kf8 52. h5 gxh5+ 53. Kxh5 Kg7 54. Qd4+ Kg8 55. Nf6+ Kf8 56. Nd7+ Kg8 57. Nf6+ Kf8 58. Ng4 Qe6 59. Qd8+ Kg7 60. Qd4+ Kf8 61. Qd8+ Kg7 62. Qxc7 Qg6+ 63. Kh4 Qh7+ 64. Kg3 Qd3+ 65. Kh4 Qh7+ 66. Kg3 Qd3+ 67. Kg2 Qd2+ 68. Nf2 Bc5 69. Qf4 Qxf4 0-1


[Site "https://www.chess.com"]

[Event "Titled Tuesday Blitz July 11 Late 2023"]
[White "Kantans, Toms"]
[Black "Grigoriants, Sergey"]
[WhiteFideId "11602945"]
[BlackFideId "4130804"]
[WhiteElo "2624"]
[BlackElo "2919"]
[Result "1/2-1/2"]
[Round "3"]
[TimeControl "180+2"]
[Date "2023.07.11"]
[WhiteClock "0:00:11"]
[BlackClock "0:00:09"]
[Board "29"]

1. e4 e5 2. Nf3 Nc6 3. d4 exd4 4. Nxd4 Nf6 5. Nc3 Bb4 6. Nxc6 bxc6 7. Qd4 Qe7 8. f3 d5 9. Bg5 Bc5 10. Qa4 O-O 11. Qxc6 dxe4 12. Bxf6 gxf6 13. Nd5 Qd6 14. Nxf6+ Kg7 15. Qxd6 Bxd6 16. Nxe4 Be5 17. O-O-O Rb8 18. b3 Rb6 19. Bc4 Bf5 20. Rde1 Bg6 21. g3 Rd8 22. Re2 Bd4 23. Rhe1 h6 24. a4 Rbb8 25. Rd2 f5 26. Nf2 Rd6 27. Rde2 Rbd8 28. Nd3 Bc3 29. Re7+ Kf8 30. R1e6 Bd4 31. Rxd6 Rxd6 32. Rxc7 Bg1 33. h4 Bh2 34. g4 fxg4 35. fxg4 Be4 36. Rxa7 Bg3 37. g5 Bxh4 38. gxh6 Rxh6 39. Rf7+ Ke8 40. Rf4 Bg5 41. Kb2 Bxd3 42. Rg4 Bxc4 43. Rxc4 Bf6+ 44. c3 Rh5 45. b4 Kd7 46. Kb3 Bd8 47. a5 Bxa5 48. Rd4+ Kc6 49. bxa5 Rxa5 50. Kb4 Rg5 51. Rf4 Rg1 52. Rf6+ Kc7 53. c4 Rg5 54. Rh6 Rf5 55. Re6 Rg5 56. Kc3 Rg4 57. Kb4 Rg5 58. Ra6 Rf5 59. c5 Rf1 60. Kb5 Rb1+ 61. Kc4 Rc1+ 62. Kd4 Rd1+ 63. Kc4 Rc1+ 64. Kd5 Rd1+ 65. Kc4 Rc1+ 1/2-1/2


[Site "https://www.chess.com"]

[Event "Titled Tuesday Blitz July 11 Late 2023"]
[White "Rustemov, Alexander"]
[Black "Di Berardino, Diego Rafael"]
[WhiteFideId "4119002"]
[BlackFideId "2105446"]
[WhiteElo "2916"]
[BlackElo "2621"]
[Result "0-1"]
[Round "3"]
[TimeControl "180+2"]
[Date "2023.07.11"]
[WhiteClock "0:00:06"]
[BlackClock "0:00:12"]
[Board "30"]

1. d4 Nf6 2. c4 g6 3. Nf3 Bg7 4. g3 d5 5. cxd5 Nxd5 6. Bg2 Nb6 7. O-O Nc6 8. e3 O-O 9. Nc3 Re8 10. Re1 e5 11. d5 Na5 12. e4 c6 13. Bg5 f6 14. Be3 Nac4 15. dxc6 Nxe3 16. Qxd8 Rxd8 17. cxb7 Bxb7 18. Rxe3 Rac8 19. Re2 Ba6 20. Rc2 Bd3 21. Rcc1 Bh6 22. Re1 Kf7 23. Bf1 Nc4 24. Na4 Bc2 25. b3 Nb6 26. Nxb6 axb6 27. Bc4+ Ke7 28. Kg2 Rc5 29. a4 Bd3 30. Bd5 Rc3 31. b4 Rb8 32. a5 bxa5 33. bxa5 Rb2 34. Ra2 Rxa2 35. Bxa2 Ra3 36. Bd5 Rxa5 37. Rd1 Bc2 38. Re1 Ra3 39. Re2 Bd1 40. Ng1 Bxe2 41. Nxe2 f5 42. h4 Kf6 43. Ng1 Ra4 44. exf5 gxf5 45. Bg8 Kg7 46. Be6 Kf6 47. Bg8 Ra7 48. Nh3 e4 49. Bd5 Bc1 50. Kf1 h6 51. Bc6 Ke5 52. Be8 Ra1 53. Kg2 Ra2 54. Kf1 Rb2 55. h5 Bd2 56. Bg6 Kf6 57. Kg1 e3 58. fxe3 Bxe3+ 59. Kf1 Rh2 60. Bh7 Rxh3 61. Kg2 Rxh5 62. Bg8 Rg5 63. Bc4 f4 64. Kf3 Rxg3+ 65. Ke4 h5 66. Be2 h4 67. Bf3 h3 68. Bh1 Rg1 69. Bf3 h2 70. Kd5 h1=Q 71. Bxh1 Rxh1 72. Ke4 Kg5 73. Kf3 Rh3+ 74. Kg2 Rg3+ 75. Kh1 Kg4 76. Kh2 Kf3 77. Kh1 Kf2 78. Kh2 Ba7 79. Kh1 Rh3# 0-1


[Site "https://www.chess.com"]

[Event "Titled Tuesday Blitz July 11 Late 2023"]
[White "Banzea, Alexandru-Bogdan"]
[Black "Antipov, Mikhail Al."]
[WhiteFideId "1232622"]
[BlackFideId "4107012"]
[WhiteElo "2620"]
[BlackElo "2888"]
[Result "0-1"]
[Round "3"]
[TimeControl "180+2"]
[Date "2023.07.11"]
[WhiteClock "0:00:04"]
[BlackClock "0:00:16"]
[Board "31"]

1. d4 Nf6 2. Nc3 d5 3. Bf4 g6 4. Qd2 Bg7 5. Bh6 Bxh6 6. Qxh6 c5 7. e3 Qb6 8. O-O-O cxd4 9. exd4 Nc6 10. Bb5 Bf5 11. Nge2 Rc8 12. f3 a6 13. Bxc6+ Rxc6 14. g4 Be6 15. h4 Qa5 16. Qe3 Kd7 17. Nf4 Rhc8 18. Kd2 Bxg4 19. fxg4 Rxc3 20. bxc3 Rxc3 21. Nd3 Ne4+ 22. Ke2 Qxa2 23. Rc1 f6 24. Kf3 b5 25. Rhd1 Ke8 26. Re1 b4 27. Kg2 b3 28. Qe2 a5 29. cxb3 Qxe2+ 30. Rxe2 Rxd3 31. Ra1 Rxb3 32. Rxa5 Rg3+ 33. Kh2 Rxg4 34. Ra8+ Kf7 35. Rb2 Rxh4+ 36. Kg2 Nd6 37. Rbb8 Rxd4 38. Kf3 g5 39. Ke3 Re4+ 40. Kf3 h5 41. Rf8+ Kg6 42. Rg8+ Kf5 43. Rh8 h4 44. Rag8 Nf7 45. Rh7 Ne5+ 46. Kf2 Ng4+ 47. Kg2 d4 48. Rd8 e5 49. Kf3 Re3+ 50. Kg2 Kf4 51. Rf7 h3+ 52. Kg1 Re1# 0-1


[Site "https://www.chess.com"]

[Event "Titled Tuesday Blitz July 11 Late 2023"]
[White "Manukyan, Artyom"]
[Black "Zhigalko, Sergei"]
[WhiteFideId "13305786"]
[BlackFideId "13502956"]
[WhiteElo "2578"]
[BlackElo "2880"]
[Result "0-1"]
[Round "3"]
[TimeControl "180+2"]
[Date "2023.07.11"]
[WhiteClock "0:00:01"]
[BlackClock "0:00:40"]
[Board "32"]

1. e4 c5 2. Nc3 Nc6 3. Bb5 Nd4 4. Nf3 e6 5. O-O a6 6. Bd3 Nxf3+ 7. Qxf3 Qc7 8. b3 Bd6 9. h3 Ne7 10. Bb2 O-O 11. Rae1 Ng6 12. Qh5 Be5 13. g3 b5 14. Nd1 c4 15. Bxe5 Nxe5 16. Be2 Bb7 17. f4 Nc6 18. c3 f5 19. Bf3 Ne7 20. e5 cxb3 21. axb3 b4 22. Bxb7 Qxb7 23. Qf3 Nc6 24. c4 Qa7+ 25. Qe3 Nd4 26. Nf2 a5 27. Rc1 Rfc8 28. c5 Rxc5 29. Qxd4 Rxc1 30. Qxa7 Rxf1+ 0-1


[Site "https://www.chess.com"]

[Event "Titled Tuesday Blitz July 11 Late 2023"]
[White "Fiorito, Francisco"]
[Black "Dardha, Daniel"]
[WhiteFideId "180165"]
[BlackFideId "240990"]
[WhiteElo "2571"]
[BlackElo "2868"]
[Result "0-1"]
[Round "3"]
[TimeControl "180+2"]
[Date "2023.07.11"]
[WhiteClock "0:00:01"]
[BlackClock "0:00:57"]
[Board "33"]

1. d4 Nf6 2. Nc3 d5 3. Bf4 a6 4. e3 c5 5. dxc5 Qa5 6. Bd3 Nc6 7. a3 Qxc5 8. Nf3 Bg4 9. Be2 e6 10. O-O Be7 11. h3 Bh5 12. Ne5 Bxe2 13. Qxe2 O-O 14. Nd3 Qa7 15. Rad1 Rfd8 16. Ne5 Rac8 17. Nxc6 bxc6 18. e4 Qb7 19. Bc1 d4 20. Nb1 c5 21. Nd2 Qb5 22. Rfe1 c4 23. e5 d3 24. cxd3 cxd3 25. Qf3 Ne8 26. Ne4 Rc2 27. Bg5 Bxg5 28. Nxg5 Rc7 29. Rd2 h6 30. Ne4 Qxe5 31. Rxd3 Rxd3 32. Qxd3 Qxb2 33. Qd8 Kf8 34. Nd6 Re7 35. Nc8 Rb7 36. Nd6 Rb8 37. Qd7 Nxd6 38. Qxd6+ Kg8 39. Qxa6 Qc3 40. Re3 Qd2 41. Rf3 Qe1+ 42. Kh2 Qe5+ 43. Rg3 h5 44. h4 Qf4 45. Kh3 Qxf2 46. Qd3 Qg1 47. Rf3 Rb2 48. Qd8+ Kh7 49. Qd3+ f5 50. Rg3 Qh1# 0-1


[Site "https://www.chess.com"]

[Event "Titled Tuesday Blitz July 11 Late 2023"]
[White "Moroni, Luca Jr"]
[Black "Moral Garcia, Serafin"]
[WhiteFideId "865834"]
[BlackFideId "2201925"]
[WhiteElo "2844"]
[BlackElo "2545"]
[Result "1-0"]
[Round "3"]
[TimeControl "180+2"]
[Date "2023.07.11"]
[WhiteClock "0:02:45"]
[BlackClock "0:02:39"]
[Board "34"]

1. c4 e5 2. Nc3 Nf6 3. e3 Bb4 4. Nge2 O-O 5. a3 Bxc3 6. Nxc3 Re8 7. Be2 d5 8. cxd5 Nxd5 9. Qc2 Nxc3 10. bxc3 Qg5 11. Bf3 Bf5 12. d3 c6 13. e4 1-0


[Site "https://www.chess.com"]

[Event "Titled Tuesday Blitz July 11 Late 2023"]
[White "Elsa167"]
[Black "Rangel, Daniel"]
[BlackFideId "2124475"]
[WhiteElo "2830"]
[BlackElo "2487"]
[Result "1/2-1/2"]
[Round "3"]
[TimeControl "180+2"]
[Date "2023.07.11"]
[WhiteClock "0:00:26"]
[BlackClock "0:00:22"]
[Board "35"]

1. d4 Nf6 2. c4 e6 3. Nf3 d5 4. Nc3 c6 5. Bg5 Nbd7 6. cxd5 exd5 7. e3 Be7 8. Bd3 O-O 9. Qc2 Re8 10. O-O Nf8 11. Ne5 N6d7 12. Bxe7 Qxe7 13. Nxd7 Bxd7 14. Rae1 g6 15. f3 Ne6 16. Qf2 Qb4 17. a3 Qb6 18. b4 a5 19. b5 Rad8 20. Rb1 Qa7 21. Rb2 Bc8 22. bxc6 bxc6 23. Na4 c5 24. Nxc5 Nxc5 25. dxc5 Qxc5 26. a4 Qxe3 27. Rd1 Qe5 28. Bb5 Bd7 29. Rbd2 Bxb5 30. axb5 d4 31. b6 d3 32. h3 Rd5 33. Rxd3 Rxd3 34. Rxd3 Qe1+ 35. Qf1 Qxf1+ 36. Kxf1 Rb8 37. Ra3 Rxb6 38. Rxa5 Kg7 39. h4 h5 40. Kf2 Rb4 41. Kg3 Rc4 42. Re5 Rb4 43. Kf2 Rb2+ 44. Kg3 Rb4 45. Re2 Ra4 46. Rb2 Rc4 47. Kh3 Rd4 48. g3 Rd3 49. Kg2 Ra3 50. Kf2 Rc3 51. Re2 Ra3 52. Re3 Ra2+ 53. Kg1 Rb2 54. Rd3 Kf6 55. Rd6+ Kg7 56. Ra6 Rc2 57. Rb6 Ra2 58. Rc6 Rb2 59. Ra6 Kg8 60. Ra4 Kg7 61. Re4 Ra2 62. Kf1 Kf6 63. Kg1 Kg7 64. g4 hxg4 65. fxg4 Rb2 66. g5 Ra2 67. Rf4 Rb2 68. Rf2 Rb4 69. Rh2 f6 70. gxf6+ Kxf6 71. h5 Rb1+ 72. Kg2 Rb2+ 73. Kg3 Rxh2 74. Kxh2 gxh5 75. Kg3 Kg5 76. Kh2 Kh4 77. Kh1 Kg4 78. Kg1 Kh4 79. Kh1 Kg4 80. Kg1 Kg3 81. Kh1 Kh3 82. Kg1 h4 83. Kh1 Kg3 84. Kg1 h3 85. Kh1 Kf4 86. Kh2 Ke5 87. Kxh3 1/2-1/2


[Site "https://www.chess.com"]

[Event "Titled Tuesday Blitz July 11 Late 2023"]
[White "Karas, Marek"]
[Black "Kravtsiv, Martyn"]
[WhiteFideId "14928558"]
[BlackFideId "14113147"]
[WhiteElo "2481"]
[BlackElo "2819"]
[Result "0-1"]
[Round "3"]
[TimeControl "180+2"]
[Date "2023.07.11"]
[WhiteClock "0:00:00"]
[BlackClock "0:00:07"]
[Board "36"]

1. d4 d5 2. Nf3 Nf6 3. c4 e6 4. Nc3 Nbd7 5. cxd5 exd5 6. Bg5 Bb4 7. e3 c5 8. Be2 Qa5 9. O-O Bxc3 10. bxc3 Ne4 11. c4 dxc4 12. Bxc4 O-O 13. Bf4 Ndf6 14. h3 Bd7 15. Bd3 Bb5 16. Bxb5 Qxb5 17. dxc5 Qxc5 18. Nd4 Rac8 19. Qb3 Nd2 20. Qxb7 Nxf1 21. Rxf1 h6 22. Bg3 a5 23. Qa6 Qd5 24. Ra1 Ne4 25. Bf4 Rfe8 26. Qd3 Qc4 27. Qxc4 Rxc4 28. Rb1 Nc3 29. Rc1 Rec8 30. Kh2 Nd5 31. Rxc4 Rxc4 32. Bd6 Nb4 33. a3 Nc2 34. Nxc2 Rxc2 35. Kg3 f6 36. Kf3 Kf7 37. g4 g6 38. Kg3 Ra2 39. Kf3 Ke6 40. Bf8 Kd5 41. h4 a4 42. h5 g5 43. e4+ Ke6 44. Ke3 Rb2 45. Bc5 Rc2 46. Bb4 Rb2 47. Bf8 Rb3+ 48. Ke2 Kf7 49. Bc5 Rc3 50. Bb4 Rb3 51. Bc5 Ke6 52. Bf8 Ke5 53. f3 Kd4 54. Bxh6 Rxa3 55. Bg7 Ra2+ 56. Kf1 Ke3 57. h6 Kxf3 58. Kg1 Rg2+ 59. Kf1 Rh2 60. Kg1 Rh4 0-1


[Site "https://www.chess.com"]

[Event "Titled Tuesday Blitz July 11 Late 2023"]
[White "SergioMoralesG"]
[Black "Talibov, Shiroghlan"]
[BlackFideId "13429078"]
[WhiteElo "2464"]
[BlackElo "2816"]
[Result "0-1"]
[Round "3"]
[TimeControl "180+2"]
[Date "2023.07.11"]
[WhiteClock "0:00:00"]
[BlackClock "0:00:28"]
[Board "37"]

1. d4 d5 2. c4 e6 3. Nf3 Nf6 4. Nc3 h6 5. cxd5 exd5 6. Bf4 c6 7. h3 Bf5 8. e3 Bd6 9. Bd3 Bxd3 10. Qxd3 Bxf4 11. exf4 O-O 12. O-O Nbd7 13. Ne5 Re8 14. b4 Ne4 15. Nxe4 dxe4 16. Qc4 Qe7 17. Rfe1 Nf6 18. a4 a6 19. b5 cxb5 20. axb5 a5 21. b6 Red8 22. Qb5 Rd5 23. Qc4 Rad8 24. Red1 Ne8 25. Ra4 Kh7 26. Qa2 f6 27. Ng4 Qd6 28. Ne3 Rb5 29. Rxa5 Rxa5 30. Qxa5 Qxf4 31. Qb4 Nd6 32. Nd5 Qg5 33. Nc7 Qf5 34. d5 Nf7 35. d6 Rd7 36. Ne8 Qe5 37. Nc7 Rxd6 38. Re1 f5 39. Qc4 Ng5 0-1


[Site "https://www.chess.com"]

[Event "Titled Tuesday Blitz July 11 Late 2023"]
[White "Romero Ruscalleda, Josep"]
[Black "Troff, Kayden"]
[WhiteFideId "2231859"]
[BlackFideId "2047896"]
[WhiteElo "2451"]
[BlackElo "2810"]
[Result "0-1"]
[Round "3"]
[TimeControl "180+2"]
[Date "2023.07.11"]
[WhiteClock "0:00:13"]
[BlackClock "0:00:20"]
[Board "38"]

1. e4 c5 2. c3 g6 3. d4 cxd4 4. cxd4 d5 5. Nc3 dxe4 6. Bc4 Bg7 7. Qb3 e6 8. d5 Qb6 9. Bb5+ Bd7 10. Be3 Qd6 11. Rd1 Ne7 12. Nxe4 Qe5 13. dxe6 Qxe6 14. Qxe6 fxe6 15. Nd6+ Kf8 16. Bxd7 Nxd7 17. Nxb7 Ne5 18. Bd4 Nf5 19. Bc3 Nc4 20. Bxg7+ Kxg7 21. Rd7+ Kf6 22. b3 Ne5 23. Rd1 Rhc8 24. f4 Ng4 25. Ne2 Rc7 26. Na5 Nge3 27. Rd2 Nxg2+ 28. Kf2 Nge3 29. Ng3 Nd5 30. Ne4+ Ke7 31. Kf3 Rf8 32. Rf1 Nfe3 33. Rff2 Rxf4+ 34. Kg3 Rxe4 35. Nc4 Nxc4 36. bxc4 Rcxc4 37. Kg2 Rg4+ 38. Kf1 Rce4 39. h3 Ne3+ 40. Ke2 Nf5+ 41. Kd3 Rd4+ 42. Kc2 Rc4+ 43. Kb3 Rgd4 44. Rde2 a5 45. a4 Rb4+ 46. Kc3 Rdc4+ 47. Kd3 Rd4+ 48. Kc3 Rxa4 49. Rb2 Rdc4+ 50. Kd3 Rcb4 51. Rbc2 Ra3+ 52. Kd2 Rd4+ 53. Kc1 Ra1+ 54. Kb2 Raa4 55. Kb3 Rab4+ 56. Ka3 Ne3 57. Rcd2 Nc4+ 58. Ka2 Rxd2+ 59. Rxd2 Nxd2 0-1


[Site "https://www.chess.com"]

[Event "Titled Tuesday Blitz July 11 Late 2023"]
[White "Zemlyanskii, Ivan"]
[Black "Pinero Rodriguez, Carlos Jose"]
[WhiteFideId "24249971"]
[BlackFideId "3901726"]
[WhiteElo "2800"]
[BlackElo "2408"]
[Result "1-0"]
[Round "3"]
[TimeControl "180+2"]
[Date "2023.07.11"]
[WhiteClock "0:01:05"]
[BlackClock "0:01:06"]
[Board "39"]

1. d4 Nf6 2. c4 e6 3. Bf4 c5 4. d5 exd5 5. cxd5 d6 6. e4 Be7 7. Nc3 O-O 8. h3 Re8 9. Nf3 Na6 10. Be2 Nc7 11. a4 Rb8 12. O-O a6 13. a5 b5 14. axb6 Rxb6 15. Nd2 Rxb2 16. Nc4 Rb4 17. Qd3 Nb5 18. Bf3 Bf8 19. Na2 Ra4 20. Qc2 Rxa2 21. Rxa2 Nd4 22. Qd3 Nxf3+ 23. gxf3 Bxh3 24. Rfa1 Nh5 25. Qe3 Qh4 26. Bg5 Qxg5+ 27. Qxg5 Nf6 28. Rxa6 1-0


[Site "https://www.chess.com"]

[Event "Titled Tuesday Blitz July 11 Late 2023"]
[White "Svane, Frederik"]
[Black "StarkyNZ"]
[WhiteFideId "12923044"]
[WhiteElo "2796"]
[BlackElo "2298"]
[Result "1-0"]
[Round "3"]
[TimeControl "180+2"]
[Date "2023.07.11"]
[WhiteClock "0:01:02"]
[BlackClock "0:00:12"]
[Board "40"]

1. b3 d5 2. Bb2 Nd7 3. Nf3 Ngf6 4. e3 e6 5. c4 c6 6. d4 Bd6 7. Bd3 O-O 8. Nbd2 Re8 9. Ne5 c5 10. O-O cxd4 11. exd4 Qc7 12. Re1 dxc4 13. bxc4 Bb4 14. Re3 Nf8 15. Ndf3 h6 16. Qa4 Qa5 17. Qb3 Bd7 18. Nxd7 N8xd7 19. h3 a6 20. Rc1 Rac8 21. c5 b6 22. a3 Bd2 23. Nxd2 Qxd2 24. Rd1 Qa5 25. Bc3 Nxc5 26. dxc5 Qxc5 27. Bxa6 Ra8 28. Bd4 Qh5 29. Be2 Qg6 30. Rg3 Qf5 31. Rf3 Qg5 32. Bxf6 gxf6 33. Rg3 1-0


[Site "https://www.chess.com"]

[Event "Titled Tuesday Blitz July 11 Late 2023"]
[White "Rowe, Duane"]
[Black "Kadric, Denis"]
[WhiteFideId "7400268"]
[BlackFideId "14403803"]
[WhiteElo "2278"]
[BlackElo "2792"]
[Result "0-1"]
[Round "3"]
[TimeControl "180+2"]
[Date "2023.07.11"]
[WhiteClock "0:00:44"]
[BlackClock "0:00:17"]
[Board "41"]

1. e4 d6 2. Nf3 Nf6 3. Nc3 e5 4. Bc4 Be7 5. d4 Nbd7 6. b3 O-O 7. O-O c6 8. a4 exd4 9. Qxd4 Re8 10. Be3 Qc7 11. Bf4 Nh5 12. e5 Nxf4 13. Qxf4 d5 14. Bd3 Bf6 15. Rae1 Nxe5 16. Ne2 Nxf3+ 17. Qxf3 Bd7 18. Ng3 Qd6 19. Nf5 Bxf5 20. Qxf5 g6 21. Qf3 Be5 22. g3 Re6 23. Qg4 Rae8 24. Kg2 Kg7 25. f4 Bf6 26. Rxe6 Qxe6 27. Qxe6 0-1


[Site "https://www.chess.com"]

[Event "Titled Tuesday Blitz July 11 Late 2023"]
[White "Licznerski, Lukasz"]
[Black "gordonzyxu"]
[WhiteFideId "1179250"]
[WhiteElo "2792"]
[BlackElo "1960"]
[Result "1-0"]
[Round "3"]
[TimeControl "180+2"]
[Date "2023.07.11"]
[WhiteClock "0:00:05"]
[BlackClock "0:00:00"]
[Board "42"]

1. e4 e5 2. Nf3 Nf6 3. d4 Nxe4 4. Bd3 Nc6 5. dxe5 Nc5 6. Bc4 d6 7. O-O Be6 8. Bxe6 Nxe6 9. exd6 Qxd6 10. Nc3 O-O-O 11. Qxd6 Bxd6 12. Ne4 Ncd4 13. Nxd4 Nxd4 14. c3 Ne2+ 15. Kh1 Rhe8 16. Nxd6+ Rxd6 17. Be3 f5 18. Rfe1 Rde6 19. Rxe2 f4 20. Rae1 fxe3 21. fxe3 Kd7 22. Kg1 Kc6 23. e4 Re5 24. Kf2 Rh5 25. Kg3 Ree5 26. h3 Re6 27. Rf1 Rg5+ 28. Kf4 h6 29. e5 Re8 30. Rf3 Kd5 31. Rd3+ Ke6 32. g4 Rf8+ 33. Kg3 Rf1 34. Kg2 Rf7 35. Rde3 h5 36. Kg3 hxg4 37. hxg4 Rf8 38. Kh4 Rg6 39. Rd2 Rh8+ 40. Kg3 Rgh6 41. Red3 Rh3+ 42. Kf4 Rxd3 43. Rxd3 Rf8+ 44. Kg5 Rf7 45. Kg6 Re7 46. g5 c6 47. Rf3 Rd7 48. Rf2 Kxe5 49. Rf7 Rd6+ 50. Kxg7 Rd2 51. Rxb7 Rg2 52. g6 a5 53. Kf7 1-0


[Site "https://www.chess.com"]

[Event "Titled Tuesday Blitz July 11 Late 2023"]
[White "Bluebaum, Matthias"]
[Black "Schwabeneder, Florian"]
[WhiteFideId "24651516"]
[BlackFideId "1626191"]
[WhiteElo "3046"]
[BlackElo "2663"]
[Result "1-0"]
[Round "3"]
[TimeControl "180+2"]
[Date "2023.07.11"]
[WhiteClock "0:00:45"]
[BlackClock "0:00:00"]
[Board "43"]

1. d4 Nf6 2. c4 g6 3. Nc3 Bg7 4. e4 d6 5. Nf3 Bg4 6. Be2 Bxf3 7. Bxf3 e5 8. d5 h5 9. h4 Nbd7 10. Bg5 Bh6 11. Bxh6 Rxh6 12. b4 Kf8 13. Qd2 Kg7 14. O-O Rh8 15. g3 Qe7 16. Na4 a5 17. a3 Rhc8 18. Rfc1 axb4 19. axb4 c6 20. dxc6 bxc6 21. Rd1 Rxa4 22. Rxa4 Nb6 23. Ra6 Nxc4 24. Qa2 d5 25. exd5 cxd5 26. Bxd5 Nxd5 27. Rxd5 Qxb4 28. Rd1 Nb2 29. Rb1 Rc2 30. Ra7 Rxf2 31. Qd5 Qb6 32. Rb7 Qe3 33. Rb3 Qa7 34. Qxe5+ Kh7 35. Qe3 1-0


[Site "https://www.chess.com"]

[Event "Titled Tuesday Blitz July 11 Late 2023"]
[White "Skliarov, Viktor"]
[Black "Sarana, Alexey"]
[WhiteFideId "14106736"]
[BlackFideId "24133795"]
[WhiteElo "2631"]
[BlackElo "3045"]
[Result "0-1"]
[Round "3"]
[TimeControl "180+2"]
[Date "2023.07.11"]
[WhiteClock "0:00:01"]
[BlackClock "0:00:15"]
[Board "44"]

1. e4 e5 2. Nc3 Nc6 3. Bc4 Bc5 4. Qg4 g6 5. Qf3 Nf6 6. Nge2 d6 7. h3 Be6 8. d3 Nd7 9. Nd5 Na5 10. b4 Nxc4 11. bxc5 Na5 12. cxd6 cxd6 13. c4 Nc6 14. O-O O-O 15. Bh6 Re8 16. Qg3 Bxd5 17. cxd5 Nb4 18. f4 f6 19. f5 Kf7 20. fxg6+ hxg6 21. Bd2 a5 22. a3 Na6 23. Rab1 Nac5 24. Rb5 Kg7 25. Rfb1 b6 26. Qe3 Rh8 27. Ng3 Rc8 28. Rf1 Qe7 29. Qe2 Rh4 30. Be3 Na4 31. Qf2 Rch8 32. Rc1 Nac5 33. Bxc5 Nxc5 34. Qe3 Qc7 35. Rcb1 Na4 36. Rc1 Qd7 37. Rc6 Rc8 38. Qc1 Rhh8 39. Qc2 Nc5 40. Rbxb6 Rxc6 41. Rxc6 Rc8 42. Rxc8 Qxc8 43. Kh2 Qa6 44. Qe2 Qxd3 45. Qg4 Kf7 46. h4 Qe3 47. h5 Qh6 48. Kg1 Qe3+ 49. Kh2 Qg5 50. Qc8 Qh4+ 51. Kg1 Qxg3 52. Qc7+ Kg8 53. Qd8+ Kg7 54. Qe7+ Kh6 55. Qf8+ Kxh5 56. Qh8+ Kg5 0-1


[Site "https://www.chess.com"]

[Event "Titled Tuesday Blitz July 11 Late 2023"]
[White "Oparin, Grigoriy"]
[Black "Sadykov, Ramil"]
[WhiteFideId "24125890"]
[BlackFideId "24113590"]
[WhiteElo "2981"]
[BlackElo "2614"]
[Result "1-0"]
[Round "3"]
[TimeControl "180+2"]
[Date "2023.07.11"]
[WhiteClock "0:01:40"]
[BlackClock "0:00:07"]
[Board "45"]

1. d4 Nf6 2. c4 g6 3. Nc3 d5 4. cxd5 Nxd5 5. e4 Nxc3 6. bxc3 Bg7 7. Bc4 c5 8. Ne2 O-O 9. O-O Nc6 10. Be3 Bg4 11. f3 cxd4 12. cxd4 Na5 13. Bd3 Be6 14. d5 Bxa1 15. Qxa1 f6 16. h4 Rc8 17. Qd4 Bd7 18. h5 g5 19. e5 b6 20. e6 Be8 21. Ng3 Rc5 22. Qe4 f5 23. Nxf5 Bg6 24. hxg6 Rxd5 25. Qxd5 Qxd5 26. Nxe7+ Kg7 27. Nxd5 1-0


[Site "https://www.chess.com"]